3177 views
Uploaded 2020-04-23 06:44:07
Game version 1.32.3
17:53 long 2on2 ladder game on (6)GnollWood
Saved by zebroni
3177 views
Uploaded 2020-04-23 06:44:07
Game version 1.32.3
17:53 long 2on2 ladder game on (6)GnollWood
88 units @ 8.9k
/ 1.6k
36 buildings @ 4.7k
/ 2.5k

| Scroll of Town Portal | 1 | 350 |
| Potion of Lesser Invulnerability | 1 | 150 |
| total: | 2 | 500g |
| Wisp | 31 | 1860 | / | 0 |
| Huntress | 4 | 780 | / | 80 |
| Archer | 2 | 260 | / | 20 |
| Dryad | 15 | 2175 | / | 900 |
| Hippogryph | 1 | 160 | / | 20 |
| total: | 53 | 5235g | / | 1020w |
| Altar of Elders | 1 | 180 | / | 50 |
| Moon Well | 5 | 900 | / | 200 |
| Ancient of War | 1 | 150 | / | 60 |
| Hunter's Hall | 1 | 210 | / | 100 |
| Ancient of Wonders | 1 | 90 | / | 30 |
| Ancient of Lore | 2 | 310 | / | 290 |
| Ancient of Wind | 5 | 750 | / | 700 |
| Tree of Ages | 1 | 320 | / | 180 |
| Tree of Eternity | 1 | 330 | / | 200 |
| total: | 16 | 2590g | / | 1430w |
| 0:03 | Wisp |
| 0:03 | Wisp |
| 0:09 | Altar of Elders |
| 0:19 | Moon Well |
| 0:20 | Wisp |
| 0:20 | Wisp |
| 0:32 | Wisp |
| 0:32 | Wisp |
| 0:40 | Wisp |
| 0:41 | Wisp |
| 0:53 | Wisp |
| 0:53 | Wisp |
| 1:26 | Wisp |
| 1:47 | Wisp |
| 1:47 | Wisp |
| 1:53 | Ancient of War |
| 1:57 | Hunter's Hall |
| 2:08 | Moon Well |
| 2:19 | Entangling Roots |
| 2:59 | Tree of Ages |
| 3:02 | Huntress |
| 3:19 | Ultravision |
| 3:31 | Huntress |
| 3:45 | Huntress |
| 4:00 | Huntress |
| 4:10 | Moon Well |
| 4:38 | Ancient of Wonders |
| 5:24 | Wisp |
| 5:24 | Wisp |
| 5:34 | Ancient of Lore |
| 5:34 | Ancient of Lore |
| 6:06 | Archer |
| 6:13 | Moon Well |
| 6:13 | Wisp |
| 6:36 | Wisp |
| 6:37 | Wisp |
| 6:39 | Moon Well |
| 6:56 | Abolish Magic |
| 6:57 | Dryad |
| 7:07 | Dryad |
| 7:38 | Wisp |
| 7:38 | Wisp |
| 7:38 | Wisp |
| 7:41 | Ancient of Wind |
| 7:49 | Dryad |
| 8:12 | Dryad |
| 8:23 | Archer |
| 8:50 | Dryad |
| 9:01 | Wisp |
| 9:01 | Wisp |
| 9:11 | Ancient of Wind |
| 9:47 | Dryad |
| 10:14 | Wisp |
| 10:14 | Wisp |
| 10:14 | Wisp |
| 10:14 | Wisp |
| 10:15 | Wisp |
| 10:39 | Ancient of Wind |
| 10:45 | Thorns Aura |
| 11:00 | Dryad |
| 11:37 | Dryad |
| 11:57 | Dryad |
| 12:53 | Ancient of Wind |
| 13:15 | Dryad |
| 13:50 | Dryad |
| 14:16 | Wisp |
| 14:18 | Ancient of Wind |
| 14:44 | Dryad |
| 14:51 | Wisp |
| 14:51 | Wisp |
| 15:30 | Tree of Eternity |
| 16:06 | Scroll of Town Portal |
| 16:07 | Potion of Lesser Invulnerability |
| 16:31 | Dryad |
| 17:13 | Dryad |
| 17:15 | Hippogryph |
| 17:39 | Dryad |



| Lesser Clarity Potion | 2 | 140 |
| Scroll of Regeneration | 1 | 100 |
| Boots of Speed | 1 | 250 |
| Staff of Teleportation | 1 | 150 |
| total: | 5 | 640g |
| Peasant | 10 | 750 | / | 0 |
| Priest | 4 | 540 | / | 40 |
| Sorceress | 5 | 775 | / | 100 |
| Flying Machine | 16 | 1600 | / | 480 |
| total: | 35 | 3665g | / | 620w |
| Scout Tower | 2 | 60 | / | 40 |
| Arcane Tower | 2 | 140 | / | 100 |
| Guard Tower | 2 | 140 | / | 100 |
| Farm | 9 | 720 | / | 180 |
| Altar of Kings | 1 | 180 | / | 50 |
| Arcane Vault | 1 | 130 | / | 30 |
| Lumber Mill | 1 | 120 | / | 0 |
| Blacksmith | 1 | 140 | / | 60 |
| Arcane Sanctum | 3 | 450 | / | 420 |
| Workshop | 2 | 280 | / | 280 |
| Keep | 1 | 320 | / | 210 |
| Castle | 2 | 720 | / | 420 |
| total: | 20 | 2080g | / | 1060w |
| 0:03 | Peasant |
| 0:05 | Farm |
| 0:06 | Altar of Kings |
| 0:19 | Peasant |
| 0:30 | Peasant |
| 0:46 | Peasant |
| 0:50 | Farm |
| 0:55 | Arcane Vault |
| 1:07 | Peasant |
| 1:19 | Peasant |
| 1:31 | Peasant |
| 1:36 | Peasant |
| 1:37 | Scout Tower |
| 1:57 | Peasant |
| 2:03 | Arcane Tower |
| 2:09 | Lesser Clarity Potion |
| 2:09 | Lesser Clarity Potion |
| 2:09 | Scroll of Regeneration |
| 2:12 | Blizzard |
| 2:15 | Peasant |
| 2:49 | Keep |
| 3:19 | Brilliance Aura |
| 3:19 | Brilliance Aura |
| 3:19 | Brilliance Aura |
| 3:19 | Brilliance Aura |
| 3:44 | Boots of Speed |
| 3:45 | Staff of Teleportation |
| 4:20 | Scout Tower |
| 4:21 | Lumber Mill |
| 4:50 | Farm |
| 5:14 | Arcane Sanctum |
| 5:16 | Arcane Sanctum |
| 5:24 | Arcane Sanctum |
| 6:01 | Priest |
| 6:02 | Farm |
| 6:03 | Farm |
| 6:06 | Guard Tower |
| 6:12 | Priest |
| 6:25 | Siphon Mana |
| 6:29 | Farm |
| 6:29 | Farm |
| 6:38 | Sorceress Adept Training |
| 6:47 | Sorceress |
| 6:48 | Sorceress |
| 7:11 | Sorceress |
| 8:21 | Sorceress |
| 9:21 | Castle |
| 9:22 | Sorceress |
| 9:25 | Priest |
| 10:39 | Blacksmith |
| 12:21 | Priest |
| 12:27 | Workshop |
| 12:28 | Workshop |
| 12:52 | Farm |
| 12:53 | Farm |
| 12:55 | Priest Adept Training |
| 12:55 | Sorceress Master Training |
| 13:19 | Flak Cannons |
| 13:19 | Flying Machine |
| 13:19 | Flying Machine |
| 13:24 | Holy Light |
| 13:47 | Flying Machine |
| 13:47 | Flying Machine |
| 13:48 | Flying Machine |
| 13:48 | Flying Machine |
| 13:48 | Flying Machine |
| 14:39 | Flying Machine |
| 14:39 | Flying Machine |
| 14:39 | Flying Machine |
| 14:51 | Black Gunpowder |
| 15:45 | Flying Machine |
| 15:45 | Flying Machine |
| 16:06 | Flying Machine |
| 16:06 | Flying Machine |
| 16:30 | Flying Machine |
| 16:30 | Flying Machine |
| 17:06 | Brilliance Aura |
| 17:06 | Brilliance Aura |
| 17:16 | Flame Strike |
45 units @ 6.7k
/ 0.9k
33 buildings @ 5.3k
/ 2.1k


| Orb of Corruption | 1 | 375 |
| Scroll of Healing | 2 | 500 |
| total: | 3 | 875g |
| Acolyte | 8 | 600 | / | 0 |
| Ghoul | 3 | 360 | / | 0 |
| Gargoyle | 7 | 1225 | / | 210 |
| Crypt Fiend | 2 | 430 | / | 80 |
| Frost Wyrm | 1 | 385 | / | 120 |
| total: | 21 | 3000g | / | 410w |
| Crypt | 2 | 400 | / | 100 |
| Altar of Darkness | 1 | 180 | / | 50 |
| Ziggurat | 6 | 900 | / | 300 |
| Graveyard | 1 | 215 | / | 0 |
| Tomb of Relics | 1 | 130 | / | 30 |
| Necropolis | 2 | 450 | / | 0 |
| Sacrificial Pit | 2 | 150 | / | 300 |
| Boneyard | 2 | 350 | / | 400 |
| Halls of the Dead | 1 | 320 | / | 210 |
| Black Citadel | 1 | 325 | / | 230 |
| total: | 17 | 2775g | / | 1180w |
| 0:04 | Acolyte |
| 0:08 | Crypt |
| 0:12 | Altar of Darkness |
| 0:25 | Ziggurat |
| 0:37 | Acolyte |
| 1:11 | Ghoul |
| 1:27 | Ghoul |
| 1:43 | Ghoul |
| 2:12 | Halls of the Dead |
| 2:34 | Death Coil |
| 2:43 | Ziggurat |
| 3:02 | Crypt |
| 3:08 | Graveyard |
| 3:36 | Ziggurat |
| 4:33 | Gargoyle |
| 4:35 | Gargoyle |
| 5:07 | Creature Attack |
| 5:18 | Gargoyle |
| 6:12 | Improved Creature Attack |
| 6:14 | Gargoyle |
| 6:39 | Gargoyle |
| 7:31 | Unholy Aura |
| 7:54 | Black Citadel |
| 8:55 | Gargoyle |
| 9:07 | Sacrificial Pit |
| 9:50 | Creature Carapace |
| 9:51 | Ziggurat |
| 10:26 | Tomb of Relics |
| 11:01 | Stone Form |
| 11:39 | Ziggurat |
| 11:40 | Sacrificial Pit |
| 11:57 | Death Coil |
| 12:18 | Gargoyle |
| 12:19 | Improved Creature Carapace |
| 12:59 | Acolyte |
| 12:59 | Acolyte |
| 12:59 | Acolyte |
| 13:00 | Acolyte |
| 13:02 | Acolyte |
| 13:12 | Boneyard |
| 13:57 | Orb of Corruption |
| 14:05 | Frost Nova |
| 14:13 | Boneyard |
| 14:23 | Necropolis |
| 14:49 | Advanced Creature Attack |
| 14:53 | Scroll of Healing |
| 15:23 | Web |
| 15:59 | Crypt Fiend |
| 16:04 | Ziggurat |
| 16:15 | Acolyte |
| 16:31 | Unholy Aura |
| 16:33 | Frost Armor |
| 16:47 | Necropolis |
| 17:04 | Scroll of Healing |
| 17:45 | Crypt Fiend |
| 17:48 | Frost Wyrm |



| Rod of Necromancy | 1 | 150 |
| Orb of Corruption | 1 | 375 |
| Scroll of Town Portal | 2 | 700 |
| Potion of Lesser Invulnerability | 1 | 150 |
| total: | 5 | 1375g |
| Acolyte | 8 | 600 | / | 0 |
| Ghoul | 3 | 360 | / | 0 |
| Crypt Fiend | 8 | 1720 | / | 320 |
| Obsidian Statue | 3 | 600 | / | 105 |
| Meat Wagon | 2 | 460 | / | 100 |
| total: | 24 | 3740g | / | 525w |
| Nerubian Tower | 1 | 100 | / | 20 |
| Spirit Tower | 1 | 145 | / | 40 |
| Graveyard | 1 | 215 | / | 0 |
| Crypt | 1 | 200 | / | 50 |
| Altar of Darkness | 1 | 180 | / | 50 |
| Ziggurat | 7 | 1050 | / | 350 |
| Tomb of Relics | 2 | 260 | / | 60 |
| Necropolis | 1 | 225 | / | 0 |
| Slaughterhouse | 2 | 280 | / | 270 |
| Sacrificial Pit | 1 | 75 | / | 150 |
| Halls of the Dead | 1 | 320 | / | 210 |
| Black Citadel | 1 | 325 | / | 230 |
| total: | 16 | 2485g | / | 930w |
| 0:01 | Acolyte |
| 0:04 | Graveyard |
| 0:07 | Crypt |
| 0:17 | Acolyte |
| 0:40 | Altar of Darkness |
| 0:55 | Ziggurat |
| 1:09 | Ghoul |
| 1:23 | Tomb of Relics |
| 1:45 | Crypt Fiend |
| 2:00 | Ziggurat |
| 2:19 | Crypt Fiend |
| 2:41 | Death Coil |
| 2:42 | Rod of Necromancy |
| 2:56 | Crypt Fiend |
| 3:26 | Crypt Fiend |
| 3:48 | Halls of the Dead |
| 4:01 | Ghoul |
| 4:06 | Unholy Aura |
| 4:19 | Ziggurat |
| 4:25 | Ghoul |
| 5:32 | Crypt Fiend |
| 6:10 | Black Citadel |
| 6:22 | Slaughterhouse |
| 6:26 | Burrow |
| 6:51 | Ziggurat |
| 7:08 | Death Coil |
| 7:59 | Frost Nova |
| 8:19 | Obsidian Statue |
| 8:20 | Obsidian Statue |
| 8:49 | Ghoul Frenzy |
| 8:54 | Unholy Aura |
| 9:05 | Orb of Corruption |
| 9:23 | Destroyer Form |
| 9:36 | Scroll of Town Portal |
| 10:04 | Impale |
| 10:10 | Acolyte |
| 10:31 | Potion of Lesser Invulnerability |
| 10:47 | Dark Ritual |
| 11:24 | Necropolis |
| 12:51 | Ziggurat |
| 12:52 | Ziggurat |
| 13:24 | Spiked Carapace |
| 13:50 | Acolyte |
| 13:50 | Acolyte |
| 13:51 | Acolyte |
| 13:51 | Acolyte |
| 13:52 | Nerubian Tower |
| 14:24 | Slaughterhouse |
| 14:36 | Obsidian Statue |
| 14:39 | Crypt Fiend |
| 14:43 | Sacrificial Pit |
| 14:58 | Scroll of Town Portal |
| 15:32 | Web |
| 15:35 | Creature Attack |
| 15:36 | Unholy Strength |
| 15:37 | Acolyte |
| 16:01 | Spirit Tower |
| 16:02 | Ziggurat |
| 16:03 | Tomb of Relics |
| 16:11 | Meat Wagon |
| 16:28 | Crypt Fiend |
| 17:14 | Frost Nova |
| 17:27 | Impale |
| 17:32 | Death Coil |
| 17:49 | Crypt Fiend |
| 17:50 | Meat Wagon |
⇛